 Dungeon Crawl Stone Soup version 0.29-a0-275-g389c0b56f3 (webtiles) character file.

Game seed: 1237607720076224873

461 sammy202020 the Ruffian (level 6, -12/57 (62) HPs)
             Began as a Troll Fighter on Mar 12, 2022.
             Mangled by a wight
             ... wielding a +5 halberd
              (16 damage)
             ... on level 5 of the Dungeon.
             The game lasted 00:05:55 (2879 turns).

sammy202020 the Ruffian (Troll Fighter)             Turns: 2879, Time: 00:05:56

HP:   -12/57 (62)   AC:  5    Str: 25    XL:     6   Next: 79%
MP:   0/5           EV:  9    Int:  6    God:
Gold: 126           SH:  8    Dex: 13    Spells: 5/5 levels left

rFire   . . .      SeeInvis .     - Unarmed
rCold   . . .      Faith    .   b - +0 kite shield
rNeg    + . .      Spirit   +   a - +0 robe
rPois   .          Reflect  .   (helmet restricted)
rElec   +          Harm     .   l - +0 cloak
rCorr   +          Rampage  .   (gloves unavailable)
Will    .....                   (boots unavailable)
Stlth   ++........              d - amulet of guardian spirit
HPRegen 0.99/turn               p - ring of resist corrosion
MPRegen 0.09/turn               f - ring "Bafewoba" {rElec rN+ Dex+4 Stlth+}

@: mighty, hasted, drained, very quick
A: large, unfitting armour, claws 3, regeneration 1, shaggy fur 1, tough skin 1
a: no special abilities


You were on level 5 of the Dungeon.
You visited 1 branch of the dungeon, and saw 5 of its levels.

You collected 126 gold pieces.

Inventory:

Hand Weapons
 q - a +0 whip
Missiles
 n - 2 poisoned darts (quivered)
Armour
 a - a +0 robe (worn)
 b - a +0 kite shield (worn)
 l - a +0 cloak (worn)
Jewellery
 d - an amulet of guardian spirit (around neck)
 e - a +6 ring of intelligence
 f - the ring "Bafewoba" (right claw) {rElec rN+ Dex+4 Stlth+}
   (You acquired it on level 3 of the Dungeon)

   [ring of positive energy]

   Dex:       It affects your dexterity (+4).
   rElec:     It insulates you from electricity.
   rN:        It protects you from negative energy.
   Stlth:     It makes you more stealthy.
 i - a ring of wizardry
 p - a ring of resist corrosion (left claw)
Wands
 j - a wand of acid (12)
 o - a wand of paralysis (8)
Potions
 c - a potion of might
 g - 3 potions of curing
 k - a potion of degeneration
 r - a potion of heal wounds
 u - a potion of brilliance {unknown}
 v - a potion of mutation {unknown}


   Skills:
 * Level 4.0 Fighting
 + Level 3.2 Dodging
 * Level 4.0 Shields
 * Level 4.1 Unarmed Combat


You had 5 spell levels left.
You didn't know any spells.
Your spell library contained the following spells:

 Spells                   Type           Power      Damage    Failure   Level
 Gell's Gravitas          Tloc           0%         N/A       98%         3
 Ozocubu's Armour         Ice            0%         N/A       98%         3
 Teleport Other           Tloc           0%         N/A       98%         3
 Metabolic Englaciation   Hex/Ice        0%         N/A       100%        5
 Dispersal                Tloc           0%         N/A       100%        6
 Simulacrum               Ice/Necr       0%         N/A       100%        6


Dungeon Overview and Level Annotations

Branches:
Dungeon (5/15)
 Temple: D:4-7

Altars:

Shops:
D:4 (=[


Innate Abilities, Weirdness & Mutations

You are too large for most types of armour.
You have claws for hands.
Your natural rate of healing is unusually fast.
You are covered in fur. (AC +1)
You have tough skin. (AC +1)


Message History

The wight closely misses you. x2; The wight hits you with a +0 falchion!
You partially resist.
You feel drained.
The wight hits you from afar with a +5 halberd!
You partially resist.
You feel drained.
You closely miss the wight.
The wight is almost destroyed.
You block the wight's attack.
The wight hits you from afar with a +5 halberd.
You closely miss the wight.
The wight is almost destroyed.
The wight barely misses you. The wight hits you but does no damage.
Sorry, you're not good enough to have a special ability.
You feel yourself speed up. You block the wight's attack. x2
You barely miss the wight.
The wight is almost destroyed.
You barely miss the wight.
The wight is almost destroyed.
The wight closely misses you. The wight barely misses you.
You scratch the wight but do no damage.
The wight is severely damaged.
The wight hits you with a +0 falchion.
The wight hits you from afar with a +5 halberd!
You closely miss the wight.
The wight is severely damaged.
You block the wight's attack.
The wight hits you from afar with a +5 halberd!
* * * LOW HITPOINT WARNING * * *
You scratch the wight.
The wight is almost destroyed.
You feel very mighty all of a sudden. The wight hits you with a +0 falchion!
* * * LOW HITPOINT WARNING * * *
You partially resist.
You feel drained.
* * * LOW HITPOINT WARNING * * *
You block the wight's attack.
You barely miss the wight.
The wight is almost destroyed.
You block the wight's attack.
The wight hits you from afar with a +5 halberd!
You die...

..# ... #.#
.... ..# #....
#.#......
.######.#......
..$....hgggg$..
#z# #z# #@#
##########.#
.......<...#
##########.#
#.# #.# #.# #.#
#..


You could see a black bear, 2 wights and a gnoll.

Vanquished Creatures
  An ice beast (D:3)
  A phantom (D:4)
  2 wights (D:5)
  2 hounds
  An iguana (D:4)
  A gnoll (D:5)
  An adder (D:4)
  2 worms
  A dart slug (D:1)
  6 orcs (D:3)
  4 bats
  7 endoplasms
  3 giant cockroaches
  6 goblins
  9 hobgoblins
  2 jackals (D:1)
  3 quokkas
  8 ball pythons
  5 frilled lizards
  10 kobolds
  A rat (D:2)
76 creatures vanquished.

Vanquished Creatures (collateral kills)
  A goblin (D:3)
1 creature vanquished.

Grand Total: 77 creatures vanquished

Notes
Turn   | Place    | Note
-------+----------+-------------------------------------------
     0 | D:1      | sammy202020 the Troll Fighter began the quest for the Orb.
     0 | D:1      | Reached XP level 1. HP: 22/22 MP: 0/0
   139 | D:1      | Reached XP level 2. HP: 29/29 MP: 1/1
   254 | D:1      | Found a faded altar of an unknown god.
   565 | D:2      | Reached XP level 3. HP: 31/36 MP: 2/2
  1212 | D:2      | Reached XP level 4. HP: 45/45 MP: 3/3
  1415 | D:3      | Identified a scroll of acquirement
  1415 | D:3      | Acquired the ring "Bafewoba" {rElec rN+ Dex+4 Stlth+}
  1523 | D:3      | Noticed an ice beast
  1540 | D:3      | Killed an ice beast
  1541 | D:3      | Reached XP level 5. HP: 23/53 MP: 1/4
  2243 | D:4      | Found Gaydisoa's Antique Armour Shop.
  2271 | D:4      | Noticed a phantom
  2286 | D:4      | Killed a phantom
  2287 | D:4      | Reached XP level 6. HP: 55/62 MP: 3/5
  2504 | D:4      | Found Definn's Jewellery Emporium.
  2595 | D:4      | Found Kuegaj's Antique Weapon Shoppe.
  2837 | D:5      | Entered Level 5 of the Dungeon
  2879 | D:5      | Mangled by a wight

Illustrated notes

Levels and vault maps discovered:
D:1:      mainiacjoe_arrival_reflecting_pool, layout_basic,
          hellmonk_ecumenical_altar_dog_temple
D:2:      layout_basic, feat_on_display
D:3:      layout_basic
D:4:      layout_loops_ring, serial_shops, nicolae_take_the_stairs,
          nicolae_shop_stone, kennysheep_little_box
D:5:      layout_loops_ring, grunt_temple_overflow_open

Skill      XL: |  1  2  3  4  5  6 |
---------------+-------------------+-----
Fighting       | 3 4 |  4.0
Shields        | 3 4 |  4.0
Unarmed Combat | 3 4 |  4.1
Dodging        | 3 |  3.2

Action                   |  1- 3 |  4- 6 || total
-------------------------+-------+-------++-------
Melee: Unarmed           |   111 |   111 ||   222
  Use: Scroll            |       |    10 ||    10
       Potion            |       |     2 ||     2
 Stab: Sleeping          |     1 |     3 ||     4
Armor: Robe              |    31 |     9 ||    40
Dodge: Dodged            |    29 |    44 ||    73
Block: Kite shield       |    30 |    46 ||    76

Table legend: (Time is in decaauts)
 A = Elapsed time spent in this place.
 B = Non-inter-level travel time spent in this place.
 C = Inter-level travel time spent in this place.
 D = Time resting spent in this place.
 E = Time spent auto-exploring this place.
 F = Levels seen in this place.
 G = Mean time per level.
                   A        B        C        D        E       F      G
               +--------+--------+--------+--------+--------+-----+--------+
         Total |   2892 |   2732 |    160 |    129 |   2012 |   5 |  578.4 |
       Dungeon |   2892 |   2732 |    160 |    129 |   2012 |   5 |  578.4 |
               +--------+--------+--------+--------+--------+-----+--------+

Top non-repeatable levels by time:
     D:3: 877 daAuts
     D:2: 783 daAuts
     D:4: 627 daAuts
     D:1: 564 daAuts
     D:5: 41 daAuts
